MLB
PHILADELPHIA PHILLIES @ ST. LOUIS CARDINALS
06/27/2098
 
TOP OF THE 1ST
Philadelphia Phillies batting - Pitching for St. Louis Cardinals : RHP Scott Kocis
Pitching: RHP Scott Kocis
Batting: RHB Ryan Klepper 0-0: Ball
1-0: Ball
2-0: Ball
3-0: Base on Balls
Batting: RHB Vicente Vargas 0-0: Ball
1-0: Swinging Strike
1-1: Foul Ball, location: 9LMF
1-2: Fly out, F8 (Flyball, 8LD, EV 91.3 MPH)
Batting: SHB Tim Spotton 0-0: Ball
1-0: Ball
2-0: Called Strike
2-1: Foul Ball, location: 2LF
2-2: Strikes out swinging
Batting: SHB Pete Ray 0-0: Ball
1-0: Called Strike
1-1: Ball
2-1: Called Strike
2-2: Strikes out swinging
Top of the 1st over - 0 runs, 0 hits, 0 errors, 1 left on base; Philadelphia 0 - St. Louis 0
BOTTOM OF THE 1ST
St. Louis Cardinals batting - Pitching for Philadelphia Phillies : LHP Bronson Kellerman
Pitching: LHP Bronson Kellerman
Batting: RHB David Martinez 0-0: Called Strike
0-1: Ground out 5-3 (Groundball, 56, EV 78.8 MPH)
Batting: RHB Jeff Saxton 0-0: Called Strike
0-1: Foul Ball, location: 9LSF
0-2: Ball
1-2: Strikes out looking
Batting: RHB Ryan Collier 0-0: Swinging Strike
0-1: Swinging Strike
0-2: Ball
1-2: Foul Ball, location: 7LDF
1-2: Ball
2-2: Ball
3-2: Strikes out looking
Bottom of the 1st over - 0 runs, 0 hits, 0 errors, 0 left on base; Philadelphia 0 - St. Louis 0
TOP OF THE 2ND
Philadelphia Phillies batting - Pitching for St. Louis Cardinals : RHP Scott Kocis
Batting: RHB Luis Esquivel 0-0: Ball
1-0: Called Strike
1-1: Called Strike
1-2: Strikes out looking
Batting: RHB Chad Larson 0-0: Ball
1-0: Ball
2-0: Called Strike
2-1: Foul Ball, location: 7LSF
2-2: Strikes out swinging
Batting: RHB Aaron Marler 0-0: Ball
1-0: Ball
2-0: Called Strike
2-1: Fly out, F9 (Flyball, 9, EV 78.8 MPH)
Top of the 2nd over - 0 runs, 0 hits, 0 errors, 0 left on base; Philadelphia 0 - St. Louis 0
BOTTOM OF THE 2ND
St. Louis Cardinals batting - Pitching for Philadelphia Phillies : LHP Bronson Kellerman
Batting: RHB Jesus Guzman 0-0: Called Strike
0-1: Foul Ball, location: 2F
0-2: Foul Ball, location: 9LSF
0-2: Foul Ball, location: 2F
0-2: Ball
1-2: Ball
2-2: Ball
3-2: Strikes out looking
Batting: RHB Butch Arnett 0-0: Ball
1-0: Ball
2-0: Called Strike
2-1: Foul Ball, location: 23F
2-2: Strikes out looking
Batting: RHB Jayden Whaley 0-0: Ball
1-0: Ball
2-0: Ground out 6-3 (Groundball, 6, EV 81.3 MPH)
Bottom of the 2nd over - 0 runs, 0 hits, 0 errors, 0 left on base; Philadelphia 0 - St. Louis 0
TOP OF THE 3RD
Philadelphia Phillies batting - Pitching for St. Louis Cardinals : RHP Scott Kocis
Batting: RHB Josh Hester 0-0: Ball
1-0: Swinging Strike
1-1: Swinging Strike
1-2: Foul Ball, location: 2F
1-2: Foul Ball, location: 2F
1-2: Strikes out swinging
Batting: RHB Jason Waid 0-0: SOLO HOME RUN (Flyball, 7D, EV 99.4 MPH), Distance : 383 ft
Batting: RHB Ryan Klepper 0-0: Called Strike
0-1: Ball
1-1: Ball
2-1: Ground out 5-3 (Groundball, 5, EV 100.6 MPH)
Batting: RHB Vicente Vargas 0-0: Called Strike
0-1: Ball
1-1: Ball
2-1: Ball
3-1: Called Strike
3-2: Base on Balls
Batting: SHB Tim Spotton 0-0: Called Strike
0-1: Called Strike
0-2: Ball
1-2: Ball
2-2: Foul Ball, location: 25F
2-2: Ball
Wild Pitch!
Vicente Vargas to second
3-2: Base on Balls
Batting: SHB Pete Ray 0-0: Ball
1-0: Called Strike
1-1: Ball
2-1: Ball
Wild Pitch!
Vicente Vargas to third
Tim Spotton to second
3-1: Foul Ball, location: 7LMF
3-2: Base on Balls
Batting: RHB Luis Esquivel 0-0: Called Strike
0-1: Swinging Strike
0-2: Ball
1-2: Strikes out swinging
Top of the 3rd over - 1 run, 1 hit, 0 errors, 3 left on base; Philadelphia 1 - St. Louis 0
BOTTOM OF THE 3RD
St. Louis Cardinals batting - Pitching for Philadelphia Phillies : LHP Bronson Kellerman
Pitching: LHP Jason Boles
Batting: RHB Gabe Vega 0-0: Ball
1-0: Bunt missed!
1-1: Called Strike
1-2: Ground out 4-3 (Groundball, 4S, EV 85.0 MPH)
Batting: RHB Jason Rush 0-0: Swinging Strike
0-1: Ground out 4-3 (Groundball, 4, EV 81.3 MPH)
Batting: LHB Jimmy Goldberg 0-0: Called Strike
0-1: Ball
1-1: Foul Ball, location: 2F
1-2: Foul Ball, location: 9LDF
1-2: Foul Ball, location: 23F
1-2: Foul Ball, location: 3FF
1-2: Ball
2-2: Ground out 5-3 (Groundball, 5L, EV 108.8 MPH)
Bottom of the 3rd over - 0 runs, 0 hits, 0 errors, 0 left on base; Philadelphia 1 - St. Louis 0
TOP OF THE 4TH
Philadelphia Phillies batting - Pitching for St. Louis Cardinals : RHP Scott Kocis
Batting: RHB Chad Larson 0-0: Foul Ball, location: 3F
0-1: Foul Ball, location: 5SF
0-2: Foul Ball, location: 25FF
0-2: Ball
1-2: Ball
2-2: Strikes out swinging
Batting: RHB Aaron Marler 0-0: Foul Ball, location: 2F
0-1: Swinging Strike
0-2: Ball
1-2: Foul Ball, location: 2F
1-2: Ground out 6-3 (Groundball, 6, EV 77.5 MPH)
Batting: RHB Josh Hester 0-0: Ball
1-0: Called Strike
1-1: Fly out, F8 (Flyball, 8LXD, EV 88.8 MPH)
Top of the 4th over - 0 runs, 0 hits, 0 errors, 0 left on base; Philadelphia 1 - St. Louis 0
BOTTOM OF THE 4TH
St. Louis Cardinals batting - Pitching for Philadelphia Phillies : LHP Jason Boles
Batting: RHB David Martinez 0-0: Called Strike
0-1: Called Strike
0-2: Ball
1-2: Ball
2-2: Ball
3-2: DOUBLE (Groundball, 5L, EV 109.4 MPH)
Batting: RHB Jeff Saxton 0-0: Reached via error on a dropped throw from 1B, E1 (Groundball, 34, EV 84.4 MPH)
David Martinez to third
Batting: RHB Ryan Collier 0-0: Ball
1-0: Ball
2-0: Called Strike
2-1: Ball
3-1: Fly out, F6 (Popup, 6D, EV 48.1 MPH)
Batting: RHB Jesus Guzman 0-0: Ball
1-0: Called Strike
1-1: Ball
2-1: Called Strike
2-2: DOUBLE (Flyball, 7LD, EV 104.4 MPH)
David Martinez scores
Jeff Saxton to third
Runner from 3rd tries for Home, SAFE, no throw by LF
Batting: RHB Butch Arnett 0-0: Ball
1-0: Ball
2-0: Ball
3-0: Base on Balls
Batting: RHB Jayden Whaley 0-0: Ball
1-0: Swinging Strike
1-1: Called Strike
1-2: Strikes out looking
Batting: RHB Gabe Vega 0-0: Called Strike
0-1: SINGLE (Line Drive, 89M, EV 90.0 MPH)
Jesus Guzman to third
Butch Arnett to second
Runner from 3rd tries for Home, SAFE, throw by RF to home
Batting: RHB Jason Rush 0-0: Ball
1-0: Ball
2-0: Called Strike
2-1: Swinging Strike
2-2: Foul Ball, location: 2F
2-2: Fly out, F9 (Flyball, 9, EV 95.0 MPH)
Bottom of the 4th over - 3 runs, 3 hits, 1 error, 2 left on base; Philadelphia 1 - St. Louis 3
TOP OF THE 5TH
Philadelphia Phillies batting - Pitching for St. Louis Cardinals : RHP Scott Kocis
Batting: RHB Jason Waid 0-0: Called Strike
0-1: Ball
1-1: Foul Ball, location: 3SF
1-2: Strikes out looking
Batting: RHB Ryan Klepper 0-0: Ball
1-0: Ball
2-0: Foul Ball, location: 2F
2-1: Foul Ball, location: 23FF
2-2: Ball
3-2: Base on Balls
Batting: RHB Vicente Vargas 0-0: Ball
1-0: Grounds into double play, 6-4-3 (Groundball, 6, EV 86.3 MPH)
Top of the 5th over - 0 runs, 0 hits, 0 errors, 0 left on base; Philadelphia 1 - St. Louis 3
BOTTOM OF THE 5TH
St. Louis Cardinals batting - Pitching for Philadelphia Phillies : LHP Jason Boles
Pitching: RHP Chris Sexton
Batting: LHB Jimmy Goldberg 0-0: Called Strike
0-1: Ball
1-1: DOUBLE (Flyball, 7LD, EV 105.6 MPH)
Batting: RHB David Martinez 0-0: Ball
1-0: Fly out, F8 (Flyball, 78M, EV 81.3 MPH)
Batting: RHB Jeff Saxton 0-0: Called Strike
0-1: Called Strike
0-2: Foul Ball, location: 9LMF
0-2: Strikes out looking and he physically ARGUES THE CALL AND IS TOSSED!
Batting: RHB Ryan Collier 0-0: Called Strike
0-1: Called Strike
0-2: Ball
1-2: Ball
2-2: Fly out, F7 (Flyball, 7S, EV 85.0 MPH)
Bottom of the 5th over - 0 runs, 1 hit, 0 errors, 1 left on base; Philadelphia 1 - St. Louis 3
TOP OF THE 6TH
Philadelphia Phillies batting - Pitching for St. Louis Cardinals : RHP Scott Kocis
Now in RF: Brett Rinehart
Batting: SHB Tim Spotton 0-0: Fly out, F8 (Line Drive, 8RM, EV 84.4 MPH)
Batting: SHB Pete Ray 0-0: Ball
1-0: Ball
2-0: Called Strike
2-1: Swinging Strike
2-2: Ball
3-2: Foul Ball, location: 23F
3-2: Strikes out swinging
Batting: RHB Luis Esquivel 0-0: Swinging Strike
0-1: Called Strike
0-2: Ball
1-2: Strikes out swinging
Top of the 6th over - 0 runs, 0 hits, 0 errors, 0 left on base; Philadelphia 1 - St. Louis 3
BOTTOM OF THE 6TH
St. Louis Cardinals batting - Pitching for Philadelphia Phillies : RHP Chris Sexton
Batting: RHB Jesus Guzman 0-0: Fly out, F7 (Flyball, 78M, EV 89.4 MPH)
Batting: RHB Butch Arnett 0-0: Ball
1-0: SOLO HOME RUN (Flyball, 7LD, EV 92.5 MPH), Distance : 345 ft
Batting: RHB Jayden Whaley 0-0: Foul Ball, location: 2F
0-1: Swinging Strike
0-2: Ball
1-2: Foul Ball, location: 2F
1-2: Foul Ball, location: 5SF
1-2: Ground out 5-3 (Groundball, 5S, EV 90.0 MPH)
Batting: RHB Gabe Vega 0-0: Ball
1-0: Ball
2-0: Called Strike
2-1: Ground out 6-3 (Groundball, 56, EV 105.0 MPH)
Bottom of the 6th over - 1 run, 1 hit, 0 errors, 0 left on base; Philadelphia 1 - St. Louis 4
TOP OF THE 7TH
Philadelphia Phillies batting - Pitching for St. Louis Cardinals : RHP Scott Kocis
Pitching: RHP David Herman
Batting: RHB Chad Larson 0-0: Ball
1-0: Foul Ball, location: 3SF
1-1: Swinging Strike
1-2: SINGLE (Groundball, 6MD, EV 98.1 MPH)
Batting: RHB Aaron Marler 0-0: Ball
1-0: Foul Ball, location: 25F
1-1: Ball
2-1: Called Strike
2-2: Foul Ball, location: 25FF
2-2: Strikes out swinging
Batting: RHB Josh Hester 0-0: Called Strike
0-1: Ball
1-1: Fly out, F8 (Flyball, 8RD, EV 85.6 MPH)
Batting: RHB Jason Waid 0-0: Swinging Strike
0-1: Foul Ball, location: 9LDF
0-2: Foul Ball, location: 5DF
0-2: Fly out, F4 (Popup, 4MD, EV 51.9 MPH)
Top of the 7th over - 0 runs, 1 hit, 0 errors, 1 left on base; Philadelphia 1 - St. Louis 4
BOTTOM OF THE 7TH
St. Louis Cardinals batting - Pitching for Philadelphia Phillies : RHP Chris Sexton
Batting: RHB Jason Rush 0-0: Called Strike
0-1: Ball
1-1: Reached on error, E5 (Groundball, 56S, EV 80.6 MPH)
Batting: LHB Jimmy Goldberg 0-0: Called Strike
0-1: DOUBLE (Flyball, 89D, EV 101.9 MPH)
Jason Rush scores
Batting: RHB David Martinez 0-0: Ball
1-0: Fly out, F9 (Line Drive, 9LM, EV 90.6 MPH)
Batting: LHB Brett Rinehart 0-0: Fly out, F2 (Popup, 13S, EV 85.6 MPH)
Batting: RHB Ryan Collier 0-0: Ball
1-0: Ball
2-0: Ball
3-0: DOUBLE (Line Drive, 9LM, EV 103.8 MPH)
Jimmy Goldberg scores
Pitching: RHP DeAndre Hart
Batting: RHB Jesus Guzman 0-0: Ball
1-0: Called Strike
1-1: Called Strike
1-2: Strikes out swinging
Bottom of the 7th over - 2 runs, 2 hits, 1 error, 1 left on base; Philadelphia 1 - St. Louis 6
TOP OF THE 8TH
Philadelphia Phillies batting - Pitching for St. Louis Cardinals : RHP David Herman
Batting: RHB Ryan Klepper 0-0: Ball
1-0: Called Strike
1-1: Foul Ball, location: 23F
1-2: Strikes out looking
Batting: RHB Vicente Vargas 0-0: Foul Ball, location: 9LSF
0-1: Fly out, F3 (Line Drive, 3, EV 65.0 MPH)
Batting: SHB Tim Spotton 0-0: Ball
1-0: Ball
2-0: Ball
3-0: Base on Balls
Batting: SHB Pete Ray 0-0: Called Strike
0-1: Foul Ball, location: 2F
0-2: Ball
1-2: SINGLE (Flyball, 78S, EV 85.6 MPH)
Tim Spotton to second
Runner from 2nd tries for 3rd, SAFE, throw by CF made to third
Pitching: LHP Ivan Espinosa
Batting: RHB Luis Esquivel 0-0: Called Strike
0-1: Ball
1-1: Swinging Strike
1-2: Ball
2-2: Ball
3-2: Foul Ball, location: 25F
3-2: Strikes out looking
Top of the 8th over - 0 runs, 1 hit, 0 errors, 2 left on base; Philadelphia 1 - St. Louis 6
BOTTOM OF THE 8TH
St. Louis Cardinals batting - Pitching for Philadelphia Phillies : RHP DeAndre Hart
Batting: RHB Butch Arnett 0-0: Ball
1-0: Ball
2-0: Ball
3-0: Called Strike
3-1: Swinging Strike
3-2: Strikes out looking
Batting: RHB Jayden Whaley 0-0: Ball
1-0: Ball
2-0: Foul Ball, location: 9LDF
2-1: Foul Ball, location: 2F
2-2: Strikes out swinging
Batting: RHB Gabe Vega 0-0: Foul Ball, location: 23F
0-1: Ball
1-1: Ball
2-1: Called Strike
2-2: Foul Ball, location: 3F
2-2: Foul Ball, location: 5SF
2-2: Fly out, F7 (Flyball, 7LS, EV 89.4 MPH)
Bottom of the 8th over - 0 runs, 0 hits, 0 errors, 0 left on base; Philadelphia 1 - St. Louis 6
TOP OF THE 9TH
Philadelphia Phillies batting - Pitching for St. Louis Cardinals : LHP Ivan Espinosa
Batting: RHB Chad Larson 0-0: Ball
1-0: Foul Ball, location: 9LMF
1-1: Hit by Pitch
Batting: RHB Aaron Marler 0-0: Ball
1-0: Ball
2-0: Ball
3-0: Base on Balls
Chad Larson to second
Batting: RHB Josh Hester 0-0: SINGLE (Line Drive, 8LS, EV 95.6 MPH)
Chad Larson to third
Aaron Marler to second
Batting: RHB Jason Waid 0-0: Ball
Passed Ball!
Chad Larson scores
Aaron Marler to third
Josh Hester to second
1-0: Swinging Strike
1-1: Hit by Pitch
Pitching: LHP Andres Martines
Batting: RHB Ryan Klepper 0-0: Ball
1-0: Called Strike
1-1: Ball
2-1: Ball
3-1: Fly out, F9 (Flyball, 9, EV 90.6 MPH)
Runner from 3rd tags up, SCORES, no throw by RF
Batting: RHB Vicente Vargas 0-0: Called Strike
0-1: Ball
1-1: Swinging Strike
1-2: Strikes out swinging
Batting: SHB Tim Spotton 0-0: Ball
1-0: Fielders Choice at 2nd, 6-4 (Groundball, 4M, EV 85.0 MPH)
Top of the 9th over - 2 runs, 1 hit, 0 errors, 2 left on base; Philadelphia 3 - St. Louis 6
Monday, April 8th , 2024 - OOTP Baseball 24.11 Build 85